Cogmind - Beta 10.1 @@@ ROGUE MODE // 2021.07.14 @ 01:54:48 // Winter2019/RPGLIKE Player: Farfid Result: Destroyed by as-09347 with Assembled F-torch Performance ------------- Evolutions (0) 0 Regions Visited (4) 800 Robots Destroyed (22) 110 Value Destroyed (360) 360 Prototype IDs (2) 40 Alien Tech Used (0) 0 Bonus (-122) -122 TOTAL SCORE: 1188 Bonus ------- Follower Combat Kills 25 Friendly Fire -147 Cogmind --------- Core Integrity 0/1000 Matter 300/300 Energy 100/100 System Corruption 0% Temperature Cool (100) Movement Treading (160) Location -9/Mines Parts ------- > --- POWER (1) -------- (None) > --- PROPULSION (2) --- Light Treads Light Treads > --- UTILITY (1) ------ Tractor Beam > --- WEAPON (2) ------- Assault Rifle Assault Rifle > --- INVENTORY (1) ---- (None) Peak State ------------ > --- POWER ------------ Light Nuclear Core > --- PROPULSION ------- Light Treads Light Treads > --- UTILITY ---------- Tractor Beam > --- WEAPON ----------- Assault Rifle Assault Rifle > --- INVENTORY -------- (None) [Rating: 8] Favorites ----------- Power Light Nuclear Core Engine Light Ion Engine Power Core Light Nuclear Core Propulsion Light Treads Treads Light Treads Wheel Compact Wheel Utility Tractor Beam Device Tractor Beam Weapon Assault Rifle Energy Gun Medium Laser Ballistic Gun Assault Rifle Build | -11 -10 -10 -10 -9 ------- Run | Scr Mat Min Exi Min Slots Evolved 2 | 2 . . . . Power . | . . . . . Propulsion 1 | 1 . . . . Utility . | . . . . . Weapon 1 | 1 . . . . Parts Attached 11 | 7 3 1 . . Power 2 | 1 . 1 . . Engine 1 | 1 . . . . Core 1 | . . 1 . . Reactor . | . . . . . Propulsion 4 | 4 . . . . Treads 2 | 2 . . . . Leg . | . . . . . Wheel 2 | 2 . . . . Hover . | . . . . . Flight . | . . . . . Utility 1 | . 1 . . . Device 1 | . 1 . . . Storage . | . . . . . Processor . | . . . . . Hackware . | . . . . . Protection . | . . . . . Artifact . | . . . . . Weapon 4 | 2 2 . . . Energy Gun 1 | 1 . . . . Energy Cannon . | . . . . . Ballistic Gun 3 | 1 2 . . . Ballistic Cannon . | . . . . . Launcher . | . . . . . Special Weapon . | . . . . . Impact Weapon . | . . . . . Slashing Weapon . | . . . . . Piercing Weapon . | . . . . . Special Melee Weapon . | . . . . . Unidentified Prototypes . | . . . . . Parts Lost 1 | . . . . 1 Power 1 | . . . . 1 Propulsion . | . . . . . Utility . | . . . . . Weapon . | . . . . . Highest Loss Streak 1 | . . . . 1 Average Slot Usage (%) 96 | . 85 100 100 96 Engine 4 | . 16 . . . Core 11 | . . 15 16 12 Treads 33 | . 33 33 33 33 Device 12 | . 2 16 16 16 Ballistic Gun 32 | . 30 33 33 33 Naked Turns . | . . . . . Heaviest Build 10 | 6 8 10 10 10 Greatest Support 45 | 40 40 45 45 45 Greatest Overweight (x) . | . . . . . Average Overweight (x) . | . . . . . Largest Inventory Capacity 1 | . . 1 1 1 Average Capacity . | . . . 1 1 Most Carried . | . . . . . Average Carried . | . . . . . Final Capacity 1 | . . 1 1 1 Final Carried . | . . . . . Class Distribution -------------------- 100% | Mutant Dominant Class ---------------- Mutant | -10/Materials Mutant | -10/Mines Mutant | -10/Exiles Mutant | -9/Mines Resources | -11 -10 -10 -10 -9 ----------- Run | Scr Mat Min Exi Min Matter Collected 640 | 263 77 222 . 78 Remotely 253 | . . 175 . 78 Salvage Created 563 | . 115 351 . 97 Parts 28 | . 15 13 . . Haulers Intercepted . | . . . . . Recyclers Shooed . | . . . . . Parts Field Recycled . | . . . . . Retrieved Matter . | . . . . . Parts Self-Destructed . | . . . . . Prevented . | . . . . . Kills | -11 -10 -10 -10 -9 ------- Run | Scr Mat Min Exi Min Combat Hostiles Destroyed 20 | . 6 5 . 9 Guns 20 | . 6 5 . 9 Classes Destroyed 4 | . 2 1 . 1 Recycler 1 | . . 1 . . Swarmer 3 | . 3 . . . Grunt 8 | . 3 5 . . Assembled 9 | . . . . 9 Thug 1 | . . 1 . . Best Kill Streak 9 | . 3 3 . 9 Combat Bots Only 9 | . 3 2 . 9 Max Kills in Single Turn 2 | . 1 1 . 2 Gunslinging 1 | . . . . 1 Exploded . | . . . . . Melee . | . . . . . Uniques/NPCs Destroyed . | . . . . . Combat | -11 -10 -10 -10 -9 -------- Run | Scr Mat Min Exi Min Damage Taken 1486 | . 169 117 . 1200 Core 1189 | . 131 90 . 968 Absorbed by Shields . | . . . . . Redirected to Core 1031 | . 111 90 . 830 Core Remaining (%) 100 | 100 . . . . Volleys Fired 55 | . 24 18 . 13 Largest 2 | . 2 2 . 2 Hottest 40 | . 40 40 . 40 Shots Fired 110 | . 48 36 . 26 Gun 110 | . 48 36 . 26 Cannon . | . . . . . Launcher . | . . . . . Special . | . . . . . Kinetic 110 | . 48 36 . 26 Thermal . | . . . . . Explosive . | . . . . . Electromagnetic . | . . . . . Robot Hit Streak 24 | . 6 24 . 21 Robot Miss Streak 2 | . 2 1 . 1 Penetration Max . | . . . . . Secondary Targets 6 | . . 1 . 5 Max Gunslinging Chain 1 | . . 1 . 1 Shots Hit Robots 91 | . 36 31 . 24 Core Hits 43 | . 11 16 . 16 Critical Hits . | . . . . . Critical Kills . | . . . . . Critical Parts Destroyed . | . . . . . Melee Attacks . | . . . . . Impact . | . . . . . Slashing . | . . . . . Piercing . | . . . . . Sneak Attacks . | . . . . . Combat Hostiles . | . . . . . Follow-up Attacks . | . . . . . Damage Inflicted 1101 | . 411 378 . 312 Guns 1101 | . 411 378 . 312 Cannons . | . . . . . Explosions . | . . . . . Melee . | . . . . . Ramming . | . . . . . Kinetic 1101 | . 411 378 . 312 Thermal . | . . . . . Explosive . | . . . . . Electromagnetic . | . . . . . Impact . | . . . . . Slashing . | . . . . . Piercing . | . . . . . Highest Corruption . | . . . . . Average Corruption . | . . . . . Corruption Purged . | . . . . . Overload Shots . | . . . . . Overflow Damage . | . . . . . Projectiles . | . . . . . Explosions . | . . . . . Melee . | . . . . . Knockbacks . | . . . . . Impact . | . . . . . Kinetic . | . . . . . Secondary . | . . . . . Self-Inflicted Damage . | . . . . . Shots . | . . . . . Rammed . | . . . . . Targets Rammed . | . . . . . Kicked . | . . . . . Crushed . | . . . . . Highest Temperature 80 | . . . . 80 Average Temperature 35 | . . . . 35 Received Heat Transfer 668 | . 33 75 . 560 Siege Activations . | . . . . . Robots Corrupted . | . . . . . Combat Hostiles . | . . . . . Parts Fried . | . . . . . Impact Corruptions . | . . . . . Robots Melted . | . . . . . Combat Hostiles . | . . . . . Parts Melted . | . . . . . Heat Transferred . | . . . . . Parts Sabotaged . | . . . . . Parts Stolen . | . . . . . Parts Stripped . | . . . . . Power Chain Reactions . | . . . . . Missiles Intercepted . | . . . . . Alert | -11 -10 -10 -10 -9 ------- Run | Scr Mat Min Exi Min Peak Influence 216 | . 216 204 . . Initial 84 | . . 84 . . Average 104 | . 119 114 . . Maximum Alert Level 1 | . 1 1 . . Low Security (%) 74 | 100 68 73 . 100 Level 1 25 | . 31 27 . . Level 2 . | . . . . . Level 3 . | . . . . . Level 4 . | . . . . . Level 5 . | . . . . . High Security . | . . . . . Max Security . | . . . . . Squads Dispatched 2 | . 2 . . . Investigation 2 | . 2 . . . Extermination . | . . . . . Reinforcement . | . . . . . Assault . | . . . . . Garrison . | . . . . . Intercept . | . . . . . Construction Impeded . | . . . . . Haulers Reinforced . | . . . . . Stealth | -11 -10 -10 -10 -9 --------- Run | Scr Mat Min Exi Min Distress Signals 1 | . 1 . . . Communications Jammed . | . . . . . Distress Signals . | . . . . . Times Spotted 34 | . 8 6 . 20 Peak Tracking Total 20 | . 4 2 . 20 Tactical Retreats 1 | . 1 . . . Traps | -11 -10 -10 -10 -9 ------- Run | Scr Mat Min Exi Min Traps Triggered 1 | . 1 . . . Indirectly . | . . . . . Trap Hack Attempts . | . . . . . Triggered . | . . . . . Disarmed . | . . . . . Reprogrammed . | . . . . . Reused . | . . . . . Traps Extracted . | . . . . . Installed . | . . . . . Triggered . | . . . . . Machines | -11 -10 -10 -10 -9 ---------- Run | Scr Mat Min Exi Min Machines Disabled . | . . . . . Max in Single Turn . | . . . . . Machines Sabotaged . | . . . . . Garrisons Compromised . | . . . . . Overloaded Fab Kills . | . . . . . Fab Network Shutdowns . | . . . . . Hacking | -11 -10 -10 -10 -9 --------- Run | Scr Mat Min Exi Min Machines Accessed 4 | . 3 . 1 . Terminals 2 | . 2 . . . Fabricators . | . . . . . Repair Stations . | . . . . . Recycling Units 1 | . 1 . . . Scanalyzers . | . . . . . Garrison Access . | . . . . . Total Hacks 8 | . 7 . 1 . Successful 6 | . 5 . 1 . Failed 2 | . 2 . . . Catastrophic 1 | . 1 . . . Database Lockouts . | . . . . . Manual 3 | . 3 . . . Terminals 6 | . 6 . . . Fabricators . | . . . . . Repair Stations . | . . . . . Recycling Units 1 | . 1 . . . Scanalyzers . | . . . . . Garrison Access . | . . . . . Terminal Hacks 5 | . 4 . 1 . Record 1 | . . . 1 . Prototype ID Bank 1 | . 1 . . . Branch Access Points 1 | . 1 . . . Locate Traps 2 | . 2 . . . Fabricator Hacks . | . . . . . Repair Station Hacks . | . . . . . Recycling Unit Hacks . | . . . . . Scanalyzer . | . . . . . Garrison Access Hacks . | . . . . . Unauthorized Hacks 1 | . 1 . . . Terminals . | . . . . . Fabricators . | . . . . . Repair Stations . | . . . . . Recycling Units 1 | . 1 . . . Tunnel 1 | . 1 . . . Scanalyzers . | . . . . . Garrison Access . | . . . . . Data Cores Recovered . | . . . . . Used . | . . . . . Hacking Detections 2 | . 2 . . . Full Trace Events 1 | . 1 . . . Feedback Events . | . . . . . Feedback Blocked . | . . . . . Robot Schematics Acquired . | . . . . . Robots Built . | . . . . . Matter . | . . . . . Time . | . . . . . Total Robot Build Rating . | . . . . . Part Schematics Acquired . | . . . . . Parts Built . | . . . . . Matter . | . . . . . Time . | . . . . . Total Part Build Rating . | . . . . . Parts Repaired . | . . . . . Time . | . . . . . Parts Recycled . | . . . . . Recycled Matter . | . . . . . Retrieved Matter . | . . . . . Retrieved Components . | . . . . . Parts Scanalyzed . | . . . . . Part Schematics Acquired . | . . . . . Parts Damaged . | . . . . . Bothacking | -11 -10 -10 -10 -9 ------------ Run | Scr Mat Min Exi Min Used RIF Installer . | . . . . . Robots Hacked . | . . . . . Non-combat . | . . . . . Combat . | . . . . . Robot Hacks Applied . | . . . . . Relay Couplers Released . | . . . . . Robots Rewired . | . . . . . Allies Hacked . | . . . . . Hacks Repelled . | . . . . . Allies | -11 -10 -10 -10 -9 -------- Run | Scr Mat Min Exi Min Total Allies 1 | . . 1 . . Largest Group 1 | . . 1 . . Highest-Rated Group 31 | . . 31 . . Highest-Rated Ally 31 | . . 31 . . Total Orders . | . . . . . Ally Attacks 7 | . . 7 . . Total Damage 82 | . . 82 . . Kills 1 | . . 1 . . Allies Corrupted . | . . . . . Allies Melted . | . . . . . Intel | -11 -10 -10 -10 -9 ------- Run | Scr Mat Min Exi Min Robot Analysis Total . | . . . . . Derelict Logs Recovered 1 | . . 1 . . Drone Launches . | . . . . . Drone Recoveries . | . . . . . Exploration | -11 -10 -10 -10 -9 ------------- Run | Scr Mat Min Exi Min Turns Passed 1339 | 64 308 700 224 43 Spaces Moved 708 | 37 135 392 141 3 Core 1 | 1 . . . . Treads 700 | 29 135 392 141 3 Legs . | . . . . . Wheels 7 | 7 . . . . Hover . | . . . . . Flight . | . . . . . Fastest Speed 50 | 50 160 160 160 160 Average Speed 159 | 145 160 160 160 160 Slowest Speed 160 | 160 160 160 160 160 Overloaded Moves . | . . . . . Propulsion Burnouts . | . . . . . Robots Hopped . | . . . . . Cave-ins Triggered . | . . . . . Exploration Rate (%) 34 | 3 35 76 55 4 Regions Visited 4 Branch Regions 3 Pre-discovered Areas 3 | . 1 1 1 . Known Exits Taken 1 | . 1 . . . Unknown Exits Taken 3 | 1 . 1 1 . Scrap Searched 1 | . . 1 . . Spaces Dug . | . . . . . Terrain Destroyed . | . . . . . Melee . | . . . . . Projectile . | . . . . . AOE . | . . . . . Terrain Rammed . | . . . . . Walls Destroyed . | . . . . . Machines Disabled . | . . . . . Actions | -11 -10 -10 -10 -9 --------- Run | Scr Mat Min Exi Min Total 809 | 45 179 429 140 16 Wait 21 | . 9 12 . . Move 704 | 36 134 391 140 3 Hop . | . . . . . Pick Up . | . . . . . Fast Attach 10 | 7 2 1 . . Attach . | . . . . . Detach . | . . . . . Swap 1 | . 1 . . . Drop 5 | 2 2 1 . . Fire 55 | . 24 18 . 13 Melee . | . . . . . Ram . | . . . . . Kick . | . . . . . Crush . | . . . . . Escape Stasis . | . . . . . Rewire . | . . . . . Trap . | . . . . . Miscellaneous 13 | . 7 6 . . Route ------- -11/Scrapyard -10/Materials (discovered 2 exits: *Min x2) -10/Mines (discovered 2 exits: [*Mat] / *Exi) -10/Exiles -9/Mines History --------- Turn | Location | Event 1 | -11/Scrapyard | Upgraded with Propulsion slot (x1) 1 | -11/Scrapyard | Upgraded with Weapon slot (x1) 19 | -11/Scrapyard | Discovered new exit (range 14) 65 | -11/Scrapyard | Entered Materials 317 | -10/Materials | Build established: Mutant 331 | -10/Materials | Identified exit to Mines 373 | -10/Materials | Entered Mines 391 | -10/Mines | Reached level 2 424 | -10/Mines | Discovered new exit (range 11) 617 | -10/Mines | Received a Mining Laser from a helpful Derelict 719 | -10/Mines | A weapon hastily lodged in a ceiling crevice suddenly fell to the ground 1063 | -10/Mines | Deemed a non-threat by the Exiles lab entrance 1063 | -10/Mines | Discovered new exit (range 5) 1073 | -10/Mines | Entered Exiles 1112 | -10/Exiles | Met 8R-AWN 1139 | -10/Exiles | Met EX-HEX 1201 | -10/Exiles | Met EX-DEC 1232 | -10/Exiles | Learned location of Zion (-7) 1277 | -10/Exiles | Discovered new exit (range 15) 1297 | -10/Exiles | Entered Mines 1298 | -9/Mines | Assembled infested the area 1303 | -9/Mines | Assisted by a Guerilla fighting off Assembled 1314 | -9/Mines | Core integrity fell below 50% 1331 | -9/Mines | Core integrity fell below 20% 1340 | -9/Mines | Destroyed by as-09347 with Assembled F-torch Last Messages --------------- 01321_ Acquired 6 matter. 01322_ C6-ZM0(h) system corrupted by crushing effect. 01322_ HV Slug penetrates Wall. 01323_ C6-ZM0(h) system terminally corrupted. 01324_ Acquired 2 matter. 01324_ Acquired 4 matter. 01326_ as-32018 destroyed. 01327_ Acquired 6 matter. 01329_ as-79368 destroyed. 01329_ Switching to secondary target: as-08695. 01329_ as-08695 destroyed. 01330_ Acquired 6 matter. 01335_ Lgt. Nuclear Core destroyed. 01335_ as-92658 destroyed. 01335_ Switching to secondary target: as-62648. 01336_ Acquired 6 matter. 01338_ as-62648 destroyed. 01338_ Switching to secondary target: as-70407. 01339_ Acquired 1 matter. 01339_ Acquired 5 matter. Map ----- +----------------------------------------------------+ | ?????????????????????????????????????????????????? | | ?????????????????????????????????????????????????? | | ?????????????????????????????????????????????????? | | ?????????????????????????????????????????????????? | | ?????????????????????????????????????????????????? | | ?????????????????????????????????????????????????? | | ?????????????????????????????????????????????????? | | ?????????????????????????????????????????????????? | | ?????????????????????????????????????????????????? | | ?????????????????????????????????????????????????? | | ?????????????????????????????????????????????????? | | ?????????????????????????????????????????????????? | | ?????????????????????????????????????????????????? | | ?????????????????????????????????????????????????? | | ?????????????????????????????????????????????????? | | ?????????????????????????????????????????????????? | | ?????????????????????????????????????????????????? | | ????????????#????????????????????????????????????? | | ???????????## ??????????????????????????????????? | | ??????????## ??????????##????????????????????? | | ?????????? ?????###;####?????????????????? | | ????????? #### a *%#?????????????????? | | ???????????# a a ==#?????????????????? | | ?????????????# =% a%a% #?????????????????? | | ????????????????# ###aa% #?????????????????? | | ????????????????????????#@%% #?????????????????? | | ????????????????????????########?????????????????? | | ?????????????????????????????????????????????????? | | ?????????????????????????????????????????????????? | | ?????????????????????????????????????????????????? | | ?????????????????????????????????????????????????? | | ?????????????????????????????????????????????????? | | ?????????????????????????????????????????????????? | | ?????????????????????????????????????????????????? | | ?????????????????????????????????????????????????? | | ?????????????????????????????????????????????????? | | ?????????????????????????????????????????????????? | | ?????????????????????????????????????????????????? | | ?????????????????????????????????????????????????? | | ?????????????????????????????????????????????????? | | ?????????????????????????????????????????????????? | | ?????????????????????????????????????????????????? | | ?????????????????????????????????????????????????? | | ?????????????????????????????????????????????????? | | ?????????????????????????????????????????????????? | | ?????????????????????????????????????????????????? | | ?????????????????????????????????????????????????? | | ?????????????????????????????????????????????????? | | ?????????????????????????????????????????????????? | | ?????????????????????????????????????????????????? | +----------------------------------------------------+ Best States ------------- Heat Dissipation 31 Energy Generation 14 Energy Capacity 160 Matter Stores 300 Matter Capacity 300 Sight Range 17 Robot Scan Range 2 Terrain Scan Density 110 Resistance: KI 10 Resistance: TH 10 Evasion (%) 40 Recoil Reduction 2 Item Schematics ----------------- None Robot Schematics ------------------ None Fabricated ------------ Nothing Alien Tech Used ----------------- None Achievements -------------- None Challenges ------------ None RPGLIKE | -11 -10 -10 -10 -9 --------- Run | Scr Mat Min Exi Min Levels Raised 1 | . . 1 . . XP Earned 5917 | 3000 940 1277 200 500 XP Spent 3980 | 2975 . 550 . 455 Upgrades 22 | 10 . 5 . 7 Propulsion Slot 1 | 1 . . . . Weapon Slot 1 | 1 . . . . Core Integrity 8 | 1 . . . 7 Heat Dissipation 1 | 1 . . . . Mass Support 1 | . . 1 . . Inventory Capacity 1 | . . 1 . . Sight Range 1 | . . 1 . . Sensor Range 1 | . . 1 . . Terrain Scan Density 1 | . . 1 . . Ranged Accuracy 2 | 2 . . . . KI Resistance % 2 | 2 . . . . TH Resistance % 2 | 2 . . . . Protomatter Created 152 | . 81 38 . 33 Integrity Restored 203 | . 89 114 . . Core 185 | . 80 105 . . Parts 18 | . 9 9 . . Protomatter Decayed 49 | . 49 . . . Game ------ Seed FrostReflectiveDoublenader Manual? 0 Play Time 00:09:19 Cumulative 583.1 hours Start 2021.07.14 @ 01:47:00 End 2021.07.14 @ 01:54:48 Sessions 1 Manual Loads 0 Difficulty Rogue Special Mode Winter2019/RPGLIKE Game No. 203 Rogue 203 Adventurer 0 Explorer 0 Win Type - Total 44 Types 25/2/7/4/3/0/2/0/1 Lore% 91 Gallery% 94 Achievement% 85 Wizard Run 0 Options --------- ASCII 0 Keyboard 0 Movement Mouse Keybinds 0 Fullscreen 2 Font 12/Smallcaps Map View 83x54 Tactical HUD 1 Map Filters NONE Filters NONE Steam X RUN: f78a51db-633b-42b4-89a7-5f50ea9c20aa